 Dungeon Crawl Stone Soup version 0.29.1-4-g47bece8355 (webtiles) character file.

Game seed: 11113850076989800991

24420 venomsnake the Fighter (level 12, -18/118 HPs)
             Began as a Minotaur Berserker on Dec 3, 2022.
             Was a High Priest of Trog.
             Demolished by a komodo dragon (23 damage)
             ... on level 10 of the Dungeon on Dec 8, 2022.
             The game lasted 02:35:49 (18931 turns).

venomsnake the Fighter (Minotaur Berserker)        Turns: 18931, Time: 02:35:50

Health: -18/118    AC: 18    Str: 27    XL:     12   Next: 80%
Magic:  11/11      EV: 13    Int:  4    God:    Trog [*****.]
Gold:   1462       SH: 12    Dex: 19    Spells: 11/11 levels left

rFire   . . .      SeeInvis .   m - +0 broad axe
rCold   + . .      Faith    .   D - +0 kite shield
rNeg    . . .      Spirit   .   I - +0 chain mail {rPois}
rPois   +          Reflect  .   (helmet restricted)
rElec   .          Harm     .   s - +0 cloak
rCorr   .          Rampage  .   y - +0 pair of gloves {Dex+3}
Will    .....                   k - +2 pair of boots
Stlth   ..........              (no amulet)
HPRegen 0.29/turn               g - ring of protection from cold
MPRegen 0.12/turn               b - +6 ring of dexterity

@: mighty, hasted, invisible, very quick
A: horns 2, retaliatory headbutt
a: Renounce Religion, Berserk, Trog's Hand, Brothers in Arms


You were on level 10 of the Dungeon.
You worshipped Trog.
Trog was extremely pleased with you.
You visited 2 branches of the dungeon, and saw 12 of its levels.
You also visited: Bailey.

You collected 1547 gold pieces.
You spent 85 gold pieces at shops.

Inventory:

Hand Weapons
 m - a +0 broad axe (weapon)
Missiles
 d - 77 stones (quivered)
Armour
 k - a +2 pair of boots (worn)
 l - a +0 plate armour
 s - a +0 cloak (worn)
 y - a +0 pair of gloves of dexterity (worn)
 D - a +0 kite shield (worn)
 I - a +0 chain mail of poison resistance (worn)
Jewellery
 b - a +6 ring of dexterity (right hand)
 g - a ring of protection from cold (left hand)
Wands
 n - a wand of flame (33)
 w - a wand of charming (12)
 C - a wand of polymorph (4)
 J - a wand of light (4)
Scrolls
 c - 2 scrolls of teleportation
 e - 3 scrolls of blinking
 f - a scroll of enchant armour
 o - 2 scrolls of immolation
 p - a scroll of summoning {unknown}
 t - a scroll of poison {unknown}
 u - a scroll of butterflies {unknown}
 v - a scroll of torment {unknown}
 E - a scroll of noise
 H - a scroll of vulnerability {unknown}
 K - 2 scrolls of identify
 L - a scroll of fear {unknown}
Potions
 a - 2 potions of attraction
 h - a potion of might
 i - 3 potions of curing
 j - 2 potions of mutation
 q - 3 potions of haste
 x - a potion of resistance {unknown}
 z - a potion of degeneration {unknown}
 A - 2 potions of heal wounds {unknown}
 B - 8 potions of ambrosia
 F - a potion of flight {unknown}
 M - a potion of magic
Miscellaneous
 G - a phial of floods


   Skills:
 * Level 14.6 Fighting
 + Level 10.8 Axes
 + Level 10.5 Armour
 + Level 9.8 Dodging
 + Level 8.9 Shields
 + Level 7.3 Evocations


You had 11 spell levels left.
You didn't know any spells.
Your spell library was empty.

Dungeon Overview and Level Annotations

Branches:
Dungeon (11/15)            Temple (0/1) D:4            Lair (1/5) D:10
    Orc (0/2) D:11         Bailey (visited)

Altars:
Wu Jian
Yredelemnul

Shops:
D:9 [

Annotations:
D:7 exclusion: downstairs
Lair:1 Taitrol's ghost, journeyman TrFi


Innate Abilities, Weirdness & Mutations

You have a pair of horns on your head.
You reflexively headbutt those who attack you in melee.


Message History

You slice the komodo dragon!!
The 11-headed hydra bites you but does no damage.
The 11-headed hydra barely misses you. The 11-headed hydra bites you.
The 11-headed hydra barely misses you.
You block the 11-headed hydra's attack. x2
The 11-headed hydra closely misses you. The 11-headed hydra bites you!
The 11-headed hydra barely misses you. The 11-headed hydra bites you.
The 11-headed hydra barely misses you. The komodo dragon barely misses you.
You furiously retaliate!
You headbutt the komodo dragon.
You lop one of the 11-headed hydra's heads off!
The ten-headed hydra grows two more!
You slash the 12-headed hydra!
The 12-headed hydra is moderately wounded.
You slash the komodo dragon! The 12-headed hydra bites you!
You block the 12-headed hydra's attack.
The 12-headed hydra barely misses you. x3
The 12-headed hydra closely misses you. You block the 12-headed hydra's attack.
The 12-headed hydra misses you.
The 12-headed hydra bites you but does no damage.
You block the 12-headed hydra's attack. The 12-headed hydra misses you.
The 12-headed hydra closely misses you.
You chop one of the 12-headed hydra's heads off!
The 11-headed hydra grows two more!
You hit the 13-headed hydra.
Your headbutt misses the 13-headed hydra.
The 13-headed hydra is lightly wounded.
You barely miss the komodo dragon. You block the 13-headed hydra's attack.
The 13-headed hydra bites you but does no damage.
You block the 13-headed hydra's attack. The 13-headed hydra closely misses you.
The 13-headed hydra bites you but does no damage.
The 13-headed hydra bites you.
* * * LOW HITPOINT WARNING * * *
The 13-headed hydra bites you.
* * * LOW HITPOINT WARNING * * *
The 13-headed hydra bites you!
* * * LOW HITPOINT WARNING * * *
The 13-headed hydra barely misses you. The 13-headed hydra bites you.
* * * LOW HITPOINT WARNING * * *
The 13-headed hydra bites you!
* * * LOW HITPOINT WARNING * * *
You block the 13-headed hydra's attack. The 13-headed hydra bites you!
* * * LOW HITPOINT WARNING * * *
The komodo dragon bites you!!
You die...

################..........
#.............##..........
#.............##..........
#.............##....†.....
#.............##..)<......
#.............##..[)[.....
#....................[....
#..........[...#..........
#........@....##....).....
#........lD...##..........
#########(#'####..........
#####.♣....## #########'#
##.......♣...## #.#
#............P##########'#
###.P.P.P.P.....##.........
#..PP...♣........'.........
#.P....P.........#.........


You could see a 13-headed hydra (unable to see you) and a komodo dragon (unable
to see you).

Vanquished Creatures
  A two-headed ogre (D:9)
  Nergalle (D:10)
  An orc knight (Bailey)
  Joseph (D:8)
  2 black mambas (Lair:1)
  4 cane toads (Lair:1)
  Psyche (D:8)
  3 kobold demonologists
  A komodo dragon (D:10)
  A queen bee (D:11)
  2 trolls (D:10)
  Grinder (D:3)
  2 basilisks
  10 yaks
  A wyvern (D:10)
  A water elemental (D:11)
  2 wraiths
  A steam dragon (D:7)
  Grum (D:8)
  4 wargs (D:11)
  An acid dragon (D:9)
  9 water moccasins
  12 orc warriors
  9 ice beasts
  2 ogres
  A hornet zombie (D:6)
  A centaur (D:6)
  2 wolves (D:8)
  2 phantoms
  4 bullfrogs
  18 kobold brigands
  2 necrophages
  2 gnoll sergeants
  3 scorpions
  17 wights
  31 killer bees
  5 howler monkeys (D:7)
  A vampire bat (D:3)
  4 electric eels
  2 bullfrog zombies (D:6)
  2 centaur zombies (D:6)
  6 hounds
  A jelly (D:6)
  7 orc priests
  An iguana (D:6)
  Ijyb (D:5)
  8 orc wizards
  6 hell rats (Lair:1)
  2 howler monkey zombies (D:6)
  6 adders
  9 gnolls
  An ufetubus (D:5)
  A worm (D:2)
  A dart slug (D:4)
  3 fire bats (D:3)
  62 orcs
  2 spectral bats (D:3)
  7 ball pythons
  12 bats
  A bat simulacrum (D:3)
  3 bat skeletons (D:3)
  A bat zombie (D:3)
  4 endoplasms
  5 giant cockroaches
  8 goblins
  9 hobgoblins
  3 jackals (D:4)
  27 kobolds
  9 quokkas
  3 frilled lizards
  4 rats
384 creatures vanquished.

Vanquished Creatures (collateral kills)
  An orc knight (Bailey)
  2 orc warriors (Bailey)
  3 ice beasts (D:11)
  A kobold brigand (D:10)
  4 orcs
  A kobold (D:7)
12 creatures vanquished.

Vanquished Creatures (others)
  2 orcs
  6 fungi
  14 plants
22 creatures vanquished.

Grand Total: 418 creatures vanquished

Notes
Turn   | Place    | Note
-------+----------+-------------------------------------------
     0 | D:1      | venomsnake the Minotaur Berserker began the quest for the
                  | Orb.
     0 | D:1      | Reached XP level 1. HP: 19/19 MP: 0/0
   695 | D:1      | Reached XP level 2. HP: 26/27 MP: 1/1
   718 | D:1      | Reached skill level 4 in Fighting
   750 | D:1      | Found a faded altar of an unknown god.
  1192 | D:2      | Reached XP level 3. HP: 23/34 MP: 2/2
  1532 | D:2      | HP: 1/34 [poisoned by an adder]
  2356 | D:2      | Reached XP level 4. HP: 41/41 MP: 3/3
  3046 | D:3      | Noticed Grinder
  3047 | D:3      | Paralysed by Grinder for 3 turns
  3059 | D:3      | Killed Grinder
  3060 | D:3      | Reached skill level 5 in Fighting
  3060 | D:3      | Reached XP level 5. HP: 47/50 MP: 4/4
  3175 | D:3      | Reached XP level 6. HP: 57/57 MP: 5/5
  3187 | D:3      | Noticed a water moccasin
  3200 | D:3      | Killed a water moccasin
  3201 | D:3      | Reached skill level 6 in Fighting
  3201 | D:3      | Reached skill level 5 in Axes
  3203 | D:3      | Reached ** piety under Trog
  3705 | D:4      | Identified a scroll of acquirement
  3707 | D:4      | Acquired 737 gold pieces
  3792 | D:4      | Reached XP level 7. HP: 56/64 MP: 6/6
  3857 | D:4      | Reached skill level 1 in Evocations
  3976 | D:4      | Found a staircase to the Ecumenical Temple.
  4117 | D:4      | Reached skill level 7 in Fighting
  4355 | D:4      | Reached skill level 5 in Armour
  4585 | D:4      | Reached *** piety under Trog
  4985 | D:5      | Entered Level 5 of the Dungeon
  5083 | D:5      | Reached XP level 8. HP: 70/74 MP: 7/7
  5366 | D:5      | Noticed Ijyb
  5383 | D:5      | Killed Ijyb
  5387 | D:5      | Reached skill level 8 in Fighting
  5387 | D:5      | Reached skill level 5 in Dodging
  5882 | D:5      | Reached skill level 1 in Shields
  6415 | D:6      | Found a basalt altar of Yredelemnul.
  6424 | D:6      | Reached **** piety under Trog
  6764 | D:6      | Reached skill level 9 in Fighting
  6764 | D:6      | Reached XP level 9. HP: 72/83 MP: 8/8
  7162 | D:6      | Noticed a kobold demonologist
  7166 | D:6      | Noticed a kobold demonologist
  7173 | D:6      | Noticed an ice devil
  7175 | D:6      | Noticed an ice devil
  7175 | D:6      | Killed a kobold demonologist
  7178 | D:6      | Killed a kobold demonologist
  7692 | D:7      | Reached skill level 10 in Fighting
  8336 | D:8      | Found a flagged portal.
  8350 | Bailey   | Entered a bailey
  8750 | Bailey   | Reached XP level 10. HP: 33/94 MP: 9/9
  9410 | Bailey   | Noticed an orc knight
  9410 | Bailey   | Noticed an orc knight
  9484 | Bailey   | Killed an orc knight
  9485 | Bailey   | Reached skill level 5 in Shields
  9689 | Bailey   | Killed an orc knight
  9690 | Bailey   | Reached skill level 11 in Fighting
  9730 | Bailey   | Reached skill level 12 in Fighting
  9730 | Bailey   | Reached skill level 5 in Evocations
  9730 | Bailey   | Reached XP level 11. HP: 105/105 MP: 10/10
  9878 | D:8      | Noticed Psyche
  9892 | D:8      | Noticed Joseph
 11104 | D:8      | Noticed Grum
 11127 | D:8      | Killed Grum
 11588 | D:8      | Killed Joseph
 11753 | D:8      | Killed Psyche
 12496 | D:9      | Found an ornate altar of the Wu Jian Council.
 12602 | D:9      | Reached skill level 13 in Fighting
 12876 | D:9      | Noticed a two-headed ogre
 12895 | D:9      | Killed a two-headed ogre
 13301 | D:9      | Found Tabrawk's Armour Shoppe.
 13448 | D:9      | Bought a +0 chain mail of poison resistance for 85 gold
                  | pieces
 13544 | D:10     | Entered Level 10 of the Dungeon
 13830 | D:10     | Reached XP level 12. HP: 98/115 MP: 11/11
 13948 | D:10     | Reached skill level 10 in Axes
 14144 | D:10     | Reached ***** piety under Trog
 14300 | D:10     | Noticed Nergalle
 14310 | D:10     | Killed Nergalle
 14706 | D:10     | Reached skill level 10 in Armour
 14972 | D:10     | Found a staircase to the Lair.
 15841 | D:11     | Reached skill level 14 in Fighting
 16379 | D:11     | Found a staircase to the Orcish Mines.
 16787 | D:11     | Identified the +8 battleaxe of Righteous Anger {flame,
                  | Contam rF+ rC+} (Trog gifted it to you on level 11 of the
                  | Dungeon)
 16787 | D:11     | Received a gift from Trog
 17620 | Lair:1   | Entered Level 1 of the Lair of Beasts
 18303 | Lair:1   | Noticed a five-headed hydra
 18305 | Lair:1   | Noticed a five-headed hydra
 18306 | Lair:1   | Noticed Taitrol's ghost (journeyman TrFi)
 18544 | Lair:1   | Noticed a seven-headed hydra
 18931 | D:10     | HP: 5/118 [13-headed hydra (10)]
 18931 | D:10     | Demolished by a komodo dragon

Illustrated notes

Levels and vault maps discovered:
D:1:      dpeg_arrival_stone_temple_mockup, layout_loops_ring,
          basic_ecumenical_altar, chequers_serial_rivers_room_a,
          minmay_pentomino_z4
D:2:      layout_basic
D:3:      layout_basic, minivault_25, goddamned_bats, uniq_grinder
D:4:      layout_basic, temple_pool_b, gup_sewer_entry_pipe
D:5:      cheibrodos_thug_alley, layout_rooms, eino_curves_04, uniq_ijyb
D:6:      layout_loops_ring, nicolae_yredelemnul_corpse_copse,
          grunt_decor_clamped, mrwooster_statue_mirror
D:7:      layout_basic, nicolae_elevator_lobby_asterisk
D:8:      layout_basic, enter_bailey_3, minivault_14, chequers_jeans,
          uniq_psyche, uniq_joseph, uniq_grum
D:9:      layout_gridville, mainiacjoe_overflow_alcove_2, serial_shops, shop
D:10:     layout_roguey [special_room_kobold], minmay_lair_entry_grove,
          minmay_tree_intersection, uniq_nergalle
D:11:     minmay_twisted_water, layout_basic, minmay_orc_entry_guard_dogs,
          minivault_7
Lair:1:   layout_chaotic_city, gammafunk_ghost_arena

Skill      XL: |  1  2  3  4  5  6  7  8  9 10 11 12 |
---------------+-------------------------------------+-----
Fighting       | 4 5 6 7 9 10 12 13 14 | 14.6
Axes           | 4 5 6 7 9 10 | 10.8
Armour         | 3 4 5 6 7 8 9 10 | 10.5
Dodging        | 3 4 5 6 8 9 |  9.8
Evocations     | 2 3 4 5 6 7 |  7.3
Shields        | 2 4 6 7 8 |  8.9

Action                   |  1- 3 |  4- 6 |  7- 9 | 10-12 || total
-------------------------+-------+-------+-------+-------++-------
Melee: Hand axe          |    65 |     1 |       |       ||    66
       Headbutt          |    10 |     5 |    50 |   129 ||   194
       Punch             |     1 |     1 |     4 |       ||     6
       Broad axe         |       |    72 |   316 |   534 ||   922
Throw: Stone             |     2 |       |       |       ||     2
Invok: Berserk           |     1 |     1 |       |     2 ||     4
       Trog's Hand       |       |       |     1 |     3 ||     4
       Brothers in Arms  |       |       |     2 |     3 ||     5
Evoke: Wand              |       |       |     3 |    21 ||    24
  Use: Scroll            |       |     5 |     9 |     8 ||    22
       Potion            |       |       |     2 |     9 ||    11
 Stab: Invisible         |       |       |       |     1 ||     1
Armor: Animal skin       |     1 |       |       |       ||     1
       Leather armour    |     7 |       |       |       ||     7
       Chain mail        |     8 |    59 |   234 |   275 ||   576
       Skin              |       |       |       |     2 ||     2
       Plate armour      |       |       |       |    25 ||    25
Dodge: Dodged            |    34 |    60 |   180 |   377 ||   651
Block: Kite shield       |       |       |       |   344 ||   344
